 Dungeon Crawl Stone Soup version 0.17-a0-1840-g87820a2 (webtiles) character file.

294 Horrz the Shooter (level 6, -5/51 HPs)
             Began as a Centaur Hunter on Sept 16, 2015.
             Was an Initiate of Okawaru.
             Slain by a trapdoor spider zombie (9 damage)
             ... on level 6 of the Dungeon.
             The game lasted 00:30:17 (6496 turns).

Horrz the Shooter (Centaur Hunter)                  Turns: 6496, Time: 00:30:17

Health: -5/51      AC:  5    Str: 15    XL:     6   Next: 11%
Magic:  6/6        EV: 15    Int: 10    God:    Okawaru [......]
Gold:   236        SH:  0    Dex: 11    Spells: 0 memorised, 5 levels left

rFire  . . .     SeeInvis .     t - +1 whip (venom)
rCold  . . .     Clarity  .     d - +0 leather armour
rNeg   . . .     SustAt   .     (no shield)
rPois  .         Gourm    .     w - +0 helmet
rElec  .         Spirit   .     (no cloak)
rCorr  .         Warding  .     (no gloves)
rMut   .         Stasis   .     (no barding)
MR     +....                    (no amulet)
Stlth  +.........               o - +5 ring of evasion
                                i - ring of protection from magic

@: very quick, somewhat resistant to hostile enchantments, very unstealthy
A: hooves 3, deformed body, speed 2, tough skin 3
a: Renounce Religion


You were on level 6 of the Dungeon.
You worshipped Okawaru.
Okawaru was noncommittal.
You were very hungry.

You visited 2 branches of the dungeon, and saw 7 of its levels.

You collected 236 gold pieces.

Inventory:

Hand weapons
 a - a +1 shortbow
 c - a +0 short sword
 n - a +0 mace
 t - a +1 whip of venom (weapon)
Missiles
 b - 21 arrows
 r - a throwing net (quivered)
 C - 10 arrows of frost
Armour
 d - a +0 leather armour (worn)
 w - a +0 helmet (worn)
Jewellery
 i - a ring of protection from magic (left hand)
 o - a +5 ring of evasion (right hand)
 p - an uncursed ring of magical power
 u - an uncursed ring of positive energy {unknown}
 x - an uncursed ring of protection from fire
 B - an uncursed ring of sustain attributes {unknown}
Scrolls
 h - a scroll of amnesia
 s - a scroll of enchant weapon
 v - a scroll of noise {unknown}
 y - a scroll of blinking {unknown}
Potions
 g - 2 potions of curing {unknown}
 j - 3 potions of heal wounds
 l - a potion of mutation {unknown}
 q - 4 potions of resistance {unknown}
 z - a potion of lignification {unknown}
Comestibles
 e - 4 bread rations
 f - 4 meat rations
 k - 4 beef jerkies
 m - a slice of pizza
 A - a royal jelly


   Skills:
 + Level 3.3 Fighting
 + Level 1.8 Maces & Flails
 + Level 6.3 Bows
 + Level 1.9 Armour
 + Level 2.6 Dodging
 - Level 0.5 Stealth


You had 5 spell levels left.
You didn't know any spells.

Dungeon Overview and Level Annotations

Branches:
Dungeon (6/15)             Temple (1/1) D:5

Altars:
Ashenzari
Dithmenos
Elyvilon
Kikubaaqudgha
Makhleb
Nemelex Xobeh
Okawaru
Qazlal
Ru
Sif Muna
Trog
Vehumet
Xom
Yredelemnul
Zin
The Shining One

Shops:
D:5 =

Annotations:
D:5 Burgietje's ghost, average DsGl


Innate Abilities, Weirdness & Mutations

You have hooves in place of feet.
Armour fits poorly on your strangely shaped body.
You cover ground very quickly.
You have extremely tough skin (AC +3).


Message History

A jelly comes into view.
You open the door.
The trapdoor spider zombie bites you but does no damage.
An orc warrior comes into view. It is wielding a hand axe.
The orc warrior shouts!
You hear a shout!
You hear a shout!
There is an open door here.
An orc comes into view.
The orc shouts!
You hit the orc warrior but do no damage.
The orc warrior is poisoned.
The trapdoor spider zombie bites you!
* * * LOW HITPOINT WARNING * * *
The orc warrior hits you with a hand axe!
* * * LOW HITPOINT WARNING * * *
Read which item? (? for menu, Esc to quit)
As you read the scroll labeled JEWUTIO PANEY, it crumbles to dust.
It is a scroll of enchant weapon.
Enchant which weapon? (? for menu, Esc to quit)
Your +0 whip of venom glows red for a moment.
The trapdoor spider zombie bites you!
You die...

.... #.........###...
..... +.............##
..#...###.............#
......'...............#
......##..........###.#
....o #o......#### #.#
..... #.####### #.#
..#..o##Z## #.. .
#Jo@..# ### #######


You could see an orc warrior, a jelly, 2 orcs and a trapdoor spider zombie.

Vanquished Creatures
  A hound (D:4)
  An orc wizard (D:5)
  A hound zombie (D:5)
  3 gnolls (D:2)
  10 adders
  A shadow imp (D:5)
  A worm (D:3)
  4 giant geckos
  10 orcs
  2 ball pythons (D:3)
  7 bats
  2 goblins
  7 hobgoblins
  7 jackals
  A quokka (D:5)
  6 giant cockroaches
  2 giant newts
  12 kobolds
  10 rats
88 creatures vanquished.

Notes
Turn   | Place    | Note
--------------------------------------------------------------
     0 | D:1      | Horrz the Centaur Hunter began the quest for the Orb.
     0 | D:1      | Reached XP level 1. HP: 17/17 MP: 1/1
   643 | D:1      | Reached XP level 2. HP: 19/24 MP: 2/2
  1444 | D:2      | Found a sparkling altar of Nemelex Xobeh.
  1542 | D:2      | Reached skill level 1 in Armour
  1587 | D:2      | Reached XP level 3. HP: 16/30 MP: 3/3
  2340 | D:2      | Reached XP level 4. HP: 23/37 MP: 4/4
  3305 | D:2      | Reached skill level 1 in Maces & Flails
  3703 | D:3      | Reached XP level 5. HP: 41/44 MP: 5/5
  3878 | D:3      | Found a shimmering altar of Xom.
  3892 | D:3      | Reached skill level 6 in Bows
  4455 | D:4      | Got a pitted leather armour
  4739 | D:4      | Found a burning altar of Makhleb.
  4859 | D:4      | Found a bloodstained altar of Trog.
  5393 | D:5      | Entered Level 5 of the Dungeon
  5414 | D:5      | Noticed Burgietje's ghost (average DsGl)
  5696 | D:5      | Reached XP level 6. HP: 44/51 MP: 6/6
  6121 | D:5      | Found Daukkec's Jewellery Shoppe.
  6194 | D:5      | Found a staircase to the Ecumenical Temple.
  6205 | Temple   | Entered the Ecumenical Temple
  6213 | Temple   | Became a worshipper of Warmaster Okawaru
  6348 | D:5      | Found a stormy altar of Qazlal.
  6449 | D:6      | Noticed a trapdoor spider zombie
  6496 | D:6      | Slain by a trapdoor spider zombie

Vault maps used:
D:1:      ncdulo_wetmaze, minivault_4, minmay_statues_item
D:2:      nicolae_overflow_hidden_temple
D:3:      xom_teletrap_fun, grunt_ministairs_13
D:4:      bloody_makhleb, lightli_temple_of_fire
D:5:      minmay_temple_entry_grid, first_bread, serial_shops, shop,
          nicolae_qazlal_eye_of_the_storm
D:6:      lemuel_insect_pit, lemuel_coloured_pillars_altar, lemuel_angel_altar,
          uniq_duvessa, uniq_sigmund
Temple:   circular_temple_12

Action                   |  1- 3 |  4- 6 || total
-------------------------+-------+-------++-------
Melee: Short sword       |    52 |       ||    52
       Hand axe          |    35 |       ||    35
       Mace              |    78 |    32 ||   110
       Whip              |       |   157 ||   157
 Fire: Shortbow          |       |    38 ||    38
  Use: Scroll            |     4 |     4 ||     8
       Potion            |       |     1 ||     1
  Eat: Chunk             |     4 |     9 ||    13
